 Dungeon Sprint DCSS version 0.18-a0-1126-ga2d7f46 (webtiles) character file.

18141 pipel the Imperceptible (level 12, -9/72 HPs)
             Began as a Vine Stalker Assassin on Jan 20, 2016.
             Was the Champion of Ru.
             Hit by a large rock thrown by a stone giant (45 damage)
             ... in the Dungeon (Sprint IX: "|||||||||||||||||||||||||||||").
             The game lasted 00:18:00 (1128 turns).

pipel the Imperceptible (Vine Stalker Assassin)     Turns: 1128, Time: 00:18:00

Health: -9/72      AC: -1    Str: 16    XL:     12   Next: 55%
Magic:  0/11       EV: 25    Int: 11    God:    Ru [******]
Gold:   116        SH:  2    Dex: 19    Spells: 0 memorised, 11 levels left

rFire  . . .     SeeInvis .     G - +4 Vampire's Tooth {vamp}
rCold  + . .     Gourm    .     F - +2 robe {MR+}
rNeg   . . .     Faith    .     (shield unavailable)
rPois  +         Spirit   +     (helmet restricted)
rElec  .         Dismiss  .     O - +2 cloak {rPois}
rCorr  .         Reflect  +     P - +1 pair of gloves
SustAt .         Harm     .     u - +0 pair of boots
MR     ++...     NoTele   +     L - +2 amulet of reflection
Stlth  +++++++++.               E - ring of protection from cold
                                (ring unavailable)

@: exhausted, corroded equipment, horrified, very resistant to hostile
enchantments, incredibly stealthy
A: fangs 3, horns 1, repulsion field 1, molten scales 1, low mp 1, regeneration
3, magic shield, antimagic bite, no device heal 3, rot immunity, missing a hand,
hated by all, cowardly, no air magic, no charms magic, no transmutations magic,
missing an eye
a: Draw Out Power, Power Leap, Apocalypse, Renounce Religion


You were in the Dungeon.
You worshipped Ru.
Ru was exalted by your worship.
You were not hungry.

You visited 1 branch You collected 1810 gold pieces.
You spent 1694 gold pieces at shops.

Inventory:

Hand Weapons
 a - a +2 rapier of electrocution
 b - a +0 blowgun
 n - a +2 dagger
 t - a +3 dagger of venom
 D - a +1 vampiric dagger
 G - the +4 Vampire's Tooth (weapon) {vamp}
   (You bought it in a shop in the Dungeon)

   It inflicts no extra harm, but heals its wielder somewhat when it strikes a
   living foe.
Missiles
 e - 7 poisoned needles
 f - 2 curare-tipped needles
Armour
 c - a +0 robe
 d - a +0 cloak
 u - a +0 pair of boots (worn)
 B - a +0 helmet
 C - a +0 pair of gloves
 F - a +2 robe of magic resistance (worn)
 H - a +2 robe of the Archmagi
 N - a +1 fire dragon armour
 O - a +2 cloak of poison resistance (worn)
 P - a +1 pair of gloves (worn)
Magical Staves
 s - an uncursed staff of energy
Jewellery
 v - a +3 ring of dexterity
 w - a +3 ring of strength
 E - a ring of protection from cold (right hand)
 L - a +2 amulet of reflection (around neck)
 M - an uncursed ring of fire
Wands
 r - a wand of draining (0/15)
Scrolls
 l - a scroll of fog
 m - 7 scrolls of blinking
 p - 3 scrolls of remove curse
 q - 2 scrolls of amnesia
 y - 2 scrolls of fear
 I - a scroll of enchant armour
 J - 2 scrolls of identify
 K - a scroll of recharging
 Q - 6 scrolls of enchant weapon
Potions
 h - 10 potions of curing
 i - 7 potions of heal wounds
 j - a potion of haste
 k - 3 potions of magic
 o - 2 potions of brilliance
 x - a potion of berserk rage
Comestibles
 g - 11 bread rations
 z - 40 fruits
 A - 12 meat rations


   Skills:
 + Level 12.7 Fighting
 + Level 12.8 Short Blades
 - Level 1.7 Throwing
 + Level 13.0 Dodging
 + Level 23.3 Stealth


You had 11 spell levels left.
You didn't know any spells.

Dungeon Overview and Level Annotations

Branches:
Dungeon (1/1)

Altars:
Cheibriados
Dithmenos
Elyvilon
Fedhas
Gozag
Kikubaaqudgha
Makhleb
Nemelex Xobeh
Okawaru
Pakellas
Qazlal
Ru
Sif Muna
Trog
Vehumet
Xom
Yredelemnul
Zin
The Shining One
Beogh
Jiyva
Lugonu

Shops:
D ((?*


Innate Abilities, Weirdness & Mutations

You have razor-sharp teeth.
You regenerate.
When hurt, damage is shared between your health and your magic reserves.
Your bite disrupts and absorbs the magic of your enemies.
Potions and wands cannot restore your health.
You are immune to rotting.
You are missing a hand.
You are hated by all.
Your cowardice makes you less effective in combat with threatening monsters.
You cannot study or cast Air magic.
You cannot study or cast Charms magic.
You cannot study or cast Transmutations magic.
You are missing an eye, making it more difficult to aim.
You have a pair of small horns on your head.
You are surrounded by a mild repulsion field (EV +2).
You are partially covered in molten scales (AC +1).
Your magical capacity is low (-10% MP).


Message History

The ice dragon is almost dead.
You regained 2 hp, and now have 33/72 hp.
You closely miss the ice dragon. You headbutt the ice dragon.
Your bite misses the ice dragon.
The ice dragon is almost dead.
The ice dragon completely misses you. The ice dragon closely misses you.
The ice dragon completely misses you.
You hit the ice dragon but do no damage.
Your bite misses the ice dragon.
The ice dragon is almost dead.
You completely miss the ice dragon. You bite the ice dragon!
You drain its power.
You kill the ice dragon!
Your Dodging skill increases to level 13!
The stone giant is no longer paralysed.
Things that are here:
4 large rocks; a fire dragon corpse The stone giant throws a large rock.
The large rock hits you!!!
Ouch! That really hurt!
You die...

▓.▓.▓.▓.▓.▓.▓_▓
▓.▓.▓.▓.▓.▓.▓_▓
▓.▓.▓.▓.▓.▓.▓_▓
▓.▓.▓.▓.▓.▓.▓'▓
▓.▓.▓'▓.▓†▓.▓.▓
▓.▓.▓)▓.▓'▓.▓.▓
▓'▓.▓)▓.▓†▓.▓.▓
▓(▓.▓.▓.▓†▓.▓)▓
▓@▓.▓)▓.▓.▓.▓.▓
▓.▓.▓)▓.▓.▓.▓[▓
▓C▓.▓∩▓.▓.▓.▓[▓
▓)▓.▓)▓.▓.▓.▓.▓
▓.▓.▓∩▓.▓.▓.▓.▓
▓.▓.▓.▓.▓.▓.▓'▓
▓.▓.▓∩▓.▓.▓.▓÷▓
▓.▓.▓.▓.▓.▓.▓†▓
▓.▓∩▓.▓[▓.▓.▓


You could see a stone giant.

Vanquished Creatures
  A stone giant (D)
  A fire dragon (D)
  An ice dragon (D)
  2 centaur warriors (D)
  An entropy weaver (D)
  An orc high priest (D)
  Sonja (D)
  3 orc knights (D)
  6 orc sorcerers (D)
  An ugly thing (D)
  A cyclops (D)
  A manticore (D)
  A black mamba (D)
  Psyche (D)
  7 spiny frogs (D)
  2 komodo dragons (D)
  An efreet (D)
  A fire drake (D)
  A troll (D)
  A giant leech (D)
  2 blink frogs (D)
  A yak (D)
  2 basilisks (D)
  2 hippogriffs (D)
  A wolf (D)
  A mottled dragon (D)
  A steam dragon (D)
  A water moccasin (D)
  9 orc warriors (D)
  A necrophage (D)
  An ogre (D)
  A centaur (D)
  4 giant frogs (D)
  2 crimson imps (D)
  A quasit (D)
  4 orc priests (D)
  10 orc wizards (D)
  2 river rats (D)
  A shadow imp (D)
  An adder zombie (D)
  A giant gecko (D)
  5 orcs (D)
  A bat (D)
  2 giant cockroaches (D)
  2 goblins (D)
  A kobold (D)
  A quokka (D)
  A giant gecko skeleton (D)
97 creatures vanquished.

Vanquished Creatures (others)
  A vampire mage (D)
  A sky beast (D)
2 creatures vanquished.

Grand Total: 99 creatures vanquished

Notes
Turn   | Place    | Note
--------------------------------------------------------------
     0 | D        | pipel the Vine Stalker Assassin began the quest for the Orb.
     0 | D        | Reached XP level 1. HP: 11/11 MP: 2/2
     5 | D        | Reached skill level 5 in Stealth
     9 | D        | Reached skill level 6 in Stealth
    16 | D        | Reached XP level 2. HP: 15/15 MP: 3/3
    20 | D        | Noticed a centaur
    22 | D        | Reached skill level 7 in Stealth
    26 | D        | HP: 1/22 [centaur (7)]
    28 | D        | Killed a centaur
    28 | D        | Reached skill level 11 in Stealth
    28 | D        | Reached XP level 3. HP: 1/18 MP: 0/4
    28 | D        | Reached XP level 4. HP: 1/23 MP: 0/5
    29 | D        | Reached skill level 1 in Dodging
    41 | D        | Found a glowing silver altar of Zin.
    41 | D        | Found a glowing golden altar of the Shining One.
    41 | D        | Found an ancient bone altar of Kikubaaqudgha.
    41 | D        | Found a basalt altar of Yredelemnul.
    41 | D        | Found a shimmering altar of Xom.
    41 | D        | Found a radiant altar of Vehumet.
    42 | D        | Found an iron altar of Okawaru.
    43 | D        | Found a burning altar of Makhleb.
    44 | D        | Found a deep blue altar of Sif Muna.
    45 | D        | Found a bloodstained altar of Trog.
    46 | D        | Found a sparkling altar of Nemelex Xobeh.
    47 | D        | Found a white marble altar of Elyvilon.
    48 | D        | Found a roughly hewn altar of Beogh.
    49 | D        | Found a viscous altar of Jiyva.
    50 | D        | Found a corrupted altar of Lugonu.
    51 | D        | Found a blossoming altar of Fedhas.
    52 | D        | Found a snail-covered altar of Cheibriados.
    53 | D        | Found a shadowy altar of Dithmenos.
    54 | D        | Found a stormy altar of Qazlal.
    55 | D        | Found an opulent altar of Gozag.
    56 | D        | Found a sacrificial altar of Ru.
    57 | D        | Found an oddly glowing altar of Pakellas.
    64 | D        | Became a worshipper of Ru the Awakened
    88 | D        | Noticed a sky beast
    88 | D        | Noticed a steam dragon
    88 | D        | Noticed a necrophage
    96 | D        | Reached skill level 12 in Stealth
    96 | D        | Reached XP level 5. HP: 20/26 MP: 4/6
   102 | D        | Killed a sky beast
   102 | D        | Reached skill level 13 in Stealth
   107 | D        | Killed a steam dragon
   107 | D        | Reached skill level 15 in Stealth
   107 | D        | Gained mutation: You heal very quickly. [Vine Stalker growth]
   107 | D        | Reached XP level 6. HP: 18/32 MP: 4/7
   120 | D        | Killed a necrophage
   133 | D        | Gained mutation: Your magical capacity is low (-10% MP). [mutagenic meat]
   134 | D        | Gained mutation: You are partially covered in molten scales (AC +1). [mutagenic meat]
   135 | D        | Gained mutation: You have a pair of small horns on your head. [mutagenic meat]
   136 | D        | Gained mutation: You are surrounded by a mild repulsion field (EV +2). [mutagenic meat]
   142 | D        | Noticed a cyclops
   142 | D        | Noticed a brown ugly thing
   142 | D        | Noticed a centaur warrior
   146 | D        | Killed a cyclops
   146 | D        | Reached skill level 17 in Stealth
   146 | D        | Reached XP level 7. HP: 11/38 MP: 2/7
   148 | D        | Killed a brown ugly thing
   148 | D        | Reached skill level 5 in Fighting
   148 | D        | Reached skill level 5 in Short Blades
   148 | D        | Reached skill level 18 in Stealth
   148 | D        | Gained mutation: You have razor-sharp teeth. [Vine Stalker growth]
   148 | D        | Reached XP level 8. HP: 13/44 MP: 2/8
   149 | D        | Killed a centaur warrior
   149 | D        | Reached skill level 5 in Dodging
   149 | D        | Reached skill level 19 in Stealth
   149 | D        | Reached XP level 9. HP: 10/48 MP: 3/9
   149 | D        | Reached skill level 20 in Stealth
   154 | D        | Gained mutation: You are missing a hand. [Ru sacrifice]
   154 | D        | Reached * piety under Ru
   154 | D        | Reached ** piety under Ru
   154 | D        | Reached *** piety under Ru
   268 | D        | Noticed a spiny frog
   268 | D        | Noticed a spiny frog
   268 | D        | Noticed a komodo dragon
   270 | D        | Killed a spiny frog
   277 | D        | Noticed a spiny frog
   280 | D        | Killed a spiny frog
   280 | D        | Reached skill level 21 in Stealth
   283 | D        | Noticed a komodo dragon
   286 | D        | Killed a komodo dragon
   311 | D        | Reached XP level 10. HP: 50/55 MP: 10/10
   316 | D        | Killed a spiny frog
   336 | D        | Noticed a black mamba
   348 | D        | Reached skill level 22 in Stealth
   355 | D        | Gained mutation: Your cowardice makes you less effective in combat with threatening monsters. [Ru sacrifice]
   355 | D        | Reached **** piety under Ru
   361 | D        | Killed a black mamba
   362 | D        | Noticed a spiny frog
   369 | D        | Noticed a spiny frog
   375 | D        | Killed a spiny frog
   377 | D        | Killed a spiny frog
   379 | D        | Noticed a spiny frog
   382 | D        | Noticed a spiny frog
   390 | D        | Killed a spiny frog
   402 | D        | Killed a spiny frog
   409 | D        | Reached XP level 11. HP: 45/62 MP: 10/10
   498 | D        | Noticed Psyche
   510 | D        | Killed Psyche
   531 | D        | Gained mutation: You are missing an eye, making it more difficult to aim. [Ru sacrifice]
   531 | D        | Reached ***** piety under Ru
   541 | D        | Noticed an orc high priest
   543 | D        | Killed an orc high priest
   543 | D        | Reached skill level 10 in Fighting
   563 | D        | Reached skill level 10 in Short Blades
   610 | D        | Noticed an orc knight
   610 | D        | Noticed an orc knight
   612 | D        | Killed an orc knight
   612 | D        | Reached skill level 10 in Dodging
   614 | D        | Noticed an orc knight
   617 | D        | Killed an orc knight
   642 | D        | Killed an orc knight
   672 | D        | Found Jisenon's Weapon Emporium.
   672 | D        | Noticed an orc sorcerer
   673 | D        | Noticed an orc sorcerer
   675 | D        | Found Icre's Antique Weapon Shoppe.
   677 | D        | Noticed an orc sorcerer
   680 | D        | Killed an orc sorcerer
   680 | D        | Killed an orc sorcerer
   680 | D        | Killed an orc sorcerer
   683 | D        | Noticed an orc sorcerer
   696 | D        | Gained mutation: You cannot study or cast Air magic. [Ru sacrifice]
   696 | D        | Gained mutation: You cannot study or cast Transmutations magic. [Ru sacrifice]
   696 | D        | Gained mutation: You cannot study or cast Charms magic. [Ru sacrifice]
   725 | D        | Killed an orc sorcerer
   743 | D        | Noticed an orc sorcerer
   749 | D        | Noticed a soul eater
   755 | D        | Killed an orc sorcerer
   779 | D        | Noticed an orc sorcerer
   779 | D        | Found Qoygguoq's Magic Scroll Emporium.
   788 | D        | Found Sipearph's General Store.
   796 | D        | Killed an orc sorcerer
   810 | D        | Bought the +4 Vampire's Tooth {vamp} for 1400 gold pieces
   819 | D        | Bought a scroll of enchant armour for 90 gold pieces
   819 | D        | Bought a scroll of fear for 42 gold pieces
   819 | D        | Bought a scroll of identify for 24 gold pieces
   819 | D        | Bought a scroll of recharging for 114 gold pieces
   819 | D        | Bought a scroll of identify for 24 gold pieces
   846 | D        | Noticed Sonja
   858 | D        | Killed Sonja
   858 | D        | Gained mutation: You regenerate. [Vine Stalker growth]
   858 | D        | Reached XP level 12. HP: 47/71 MP: 8/11
   919 | D        | Gained mutation: You are hated by all. [Ru sacrifice]
   919 | D        | Reached ****** piety under Ru
  1028 | D        | Noticed a centaur warrior
  1032 | D        | Noticed a fire dragon
  1033 | D        | Killed a centaur warrior
  1046 | D        | Noticed an entropy weaver
  1051 | D        | Noticed a vampire mage
  1052 | D        | Killed a fire dragon
  1057 | D        | Noticed a stone giant
  1070 | D        | Noticed an ice dragon
  1107 | D        | Noticed a stone giant
  1109 | D        | Killed an entropy weaver
  1109 | D        | Reached skill level 23 in Stealth
  1111 | D        | Killed a vampire mage
  1114 | D        | Killed a stone giant
  1126 | D        | Killed an ice dragon
  1128 | D        | Hit by a large rock thrown by a stone giant

Vault maps used:
D:        linesprint

Action                   |  1- 3 |  4- 6 |  7- 9 | 10-12 || total
-------------------------+-------+-------+-------+-------++-------
Melee: Dagger            |    13 |    16 |       |    40 ||    69
       Rapier            |       |    15 |    30 |   156 ||   201
 Fire: Blowgun           |       |       |       |     3 ||     3
Invok: Draw Out Power    |       |       |     2 |     3 ||     5
       Sacrifice a Hand  |       |       |     1 |       ||     1
       Sacrifice Courage |       |       |       |     1 ||     1
       Apocalypse        |       |       |       |     4 ||     4
       Power Leap        |       |       |       |     2 ||     2
       Sacrifice Arcana  |       |       |       |     1 ||     1
       Sacrifice an Eye  |       |       |       |     1 ||     1
       Sacrifice Love    |       |       |       |     1 ||     1
Evoke: Wand              |       |     3 |     4 |       ||     7
  Use: Potion            |     1 |     1 |       |     2 ||     4
 Stab: Sleeping          |     4 |       |     1 |     8 ||    13
       Invisible         |       |     3 |       |       ||     3
       Distracted        |       |       |     1 |     2 ||     3
       Petrified         |       |       |     1 |       ||     1
       Paralysed         |       |       |       |     2 ||     2
  Eat: Chunk             |       |     4 |       |     1 ||     5
       Bread ration      |       |       |       |     2 ||     2
